 Dungeon Crawl Stone Soup version 0.20-a0-331-g5b3579f (webtiles) character file.

61 Ezendos the Skirmisher (level 4, 0/48 HPs)
             Began as an Ogre Warper on Dec 21, 2016.
             Slain by Sigmund
             ... wielding a +3 scythe of protection
              (3 damage)
             ... on level 2 of the Dungeon.
             The game lasted 00:06:26 (3142 turns).

Ezendos the Skirmisher (Ogre Warper)                Turns: 3142, Time: 00:06:26

Health: 0/48       AC:  5    Str: 17    XL:     4   Next: 7%
Magic:  9/9        EV: 10    Int: 15    God:
Gold:   73         SH:  0    Dex: 10    Spells: 3/10 levels left

rFire  . . .     SeeInvis .     a - +0 mace
rCold  . . .     Gourm    .     b - +0 robe
rNeg   . . .     Faith    .     (no shield)
rPois  +         Spirit   .     (helmet restricted)
rElec  .         Reflect  .     h - +0 cloak
rCorr  .         Harm     .     (gloves unavailable)
MR     .....     Clarity  +     (boots unavailable)
Stlth  +.........               (no amulet)
                                (no ring)
                                (no ring)

@: no status effects
A: unfitting armour, agile 1, clarity, poison resistance, shaggy fur 1, strong
1, tough skin 1, wild magic 1
a: no special abilities


You were on level 2 of the Dungeon.
You were not hungry.

You visited 1 branch of the dungeon, and saw 2 of its levels.

You collected 73 gold pieces.

Inventory:

Hand Weapons
 a - a +0 mace (weapon)
Missiles
 e - 5 tomahawks of dispersal (quivered)
Armour
 b - a +0 robe (worn)
 h - a +0 cloak (worn)
Jewellery
 m - a +3 amulet of reflection {unknown}
Scrolls
 d - a scroll of blinking
 j - a scroll of teleportation
 k - a scroll of magic mapping {unknown}
Books
 c - a book of Spatial Translocations

   Spells                             Type                      Level
   a - Blink                          Translocation                2
   b - Shroud of Golubria             Charms/Translocation         2
   c - Lesser Beckoning               Translocation                3
   d - Portal Projectile              Translocation                3
   e - Teleport Other                 Translocation                3
   f - Passage of Golubria            Translocation                4
Comestibles
 f - a bread ration
 g - a royal jelly
 i - a beef jerky
 n - 5 chunks of flesh


   Skills:
 + Level 3.7 Fighting
 + Level 2.5 Maces & Flails
 - Level 1.0 Throwing
 - Level 2.1 Dodging
 + Level 3.5 Spellcasting
 - Level 2.6 Translocations


You had 3 spell levels left.
You knew the following spells:

 Your Spells              Type           Power        Failure   Level  Hunger
a - Blink                 Tloc           N/A          17%         2    ##.....
b - Shroud of Golubria    Chrm/Tloc      #.........   24%         2    ##.....
c - Teleport Other        Tloc           ##......     28%         3    ###....


Dungeon Overview and Level Annotations

Branches:
Dungeon (2/15)

Altars:

Annotations:
D:2 Sigmund


Innate Abilities, Weirdness & Mutations

You are too large for most types of armour.
You have tough skin. (AC +1)
You are agile. (Dex +2)
You possess an exceptional clarity of mind.
Your system is resistant to poisons. (rPois)
You are covered in fur. (AC +1)
Your muscles are strong. (Str +2)
Your spells are a little harder to cast, but a little more powerful.


Message History

The ball python closely misses you.
Sigmund mumbles some strange words.
Sigmund flickers and vanishes!
You see here 15 gold pieces.
Casting: Teleport Other
Confirm with . or Enter, or press ? or * to list all spells.
Okay, then.
You hit the ball python.
You kill the ball python!
You see here a ball python corpse.
You butcher the ball python corpse.
Things that are here:
4 chunks of flesh; a ball python skeleton
n - 5 chunks of flesh (gained 4)
Something hits you!
* * * LOW HITPOINT WARNING * * *
You see here 15 gold pieces.
You now have 73 gold pieces (gained 15).
Something hits you.
You die...

##### #
#########...## #
#........#.#[### #
#.........@....# #
#.......#รท#.#...#
#
#...............#
####
#........#.#....#
...#
####...w..(......#
...#
#....#.###########
...#...###..##
...##.# #....#
.####.###....#


You could see a worm.

Vanquished Creatures
  An ooze (D:2)
  2 worms
  5 leopard geckos
  8 bats
  7 giant cockroaches
  3 goblins (D:1)
  5 hobgoblins
  6 kobolds
  A ball python (D:2)
  A frilled lizard (D:1)
  4 rats (D:1)
43 creatures vanquished.

Notes
Turn   | Place    | Note
-------+----------+-------------------------------------------
     0 | D:1      | Ezendos the Ogre Warper began the quest for the Orb.
     0 | D:1      | Reached XP level 1. HP: 22/22 MP: 3/3
     0 | D:1      | Noticed a minotaur skeleton
     0 | D:1      | Noticed a centaur
     3 | D:1      | Noticed a minotaur zombie
     7 | D:1      | Noticed a ghoul
    14 | D:1      | Noticed a merfolk zombie
    14 | D:1      | Noticed a troll
    18 | D:1      | Noticed a minotaur zombie
   347 | D:1      | Reached XP level 2. HP: 13/31 MP: 5/5
   713 | D:1      | Learned a level 2 spell: Blink
  1032 | D:1      | Reached XP level 3. HP: 32/37 MP: 7/7
  1081 | D:1      | Learned a level 2 spell: Shroud of Golubria
  1085 | D:1      | Learned a level 3 spell: Teleport Other
  2126 | D:2      | Noticed Sigmund
  2762 | D:2      | Reached XP level 4. HP: 35/48 MP: 9/9
  3097 | D:2      | HP: 1/48 [Sigmund/puff of flame (4)]
  3106 | D:2      | Gained mutation: Your muscles are strong. (Str +2) [potion of mutation]
  3106 | D:2      | Gained mutation: You are covered in fur. (AC +1) [potion of mutation]
  3106 | D:2      | Gained mutation: You possess an exceptional clarity of mind. [potion of mutation]
  3108 | D:2      | Gained mutation: You are agile. (Dex +2) [potion of mutation]
  3108 | D:2      | Gained mutation: Your spells are a little harder to cast, but a little more powerful. [potion of mutation]
  3108 | D:2      | Gained mutation: Your system is resistant to poisons. (rPois) [potion of mutation]
  3142 | D:2      | Slain by Sigmund

Vault maps used:
D:1:      shiori_arrival_whats_in_store_for_you, grunt_decor_cap,
          minmay_pentomino_r4
D:2:      elyvilon_altar_1, first_bread, hex_tiny, uniq_sigmund

Skill      XL: |  1  2 |
---------------+-------+-----
Fighting       | 3 |  3.7
Maces & Flails | 2 |  2.5
Spellcasting   | 3 |  3.5
Throwing       | |  1.0
Dodging        | |  2.1
Translocations | |  2.6

Action                   |  1- 3 |  4- 6 || total
-------------------------+-------+-------++-------
Melee: Mace              |   187 |    26 ||   213
 Cast: Teleport Other    |     5 |       ||     5
       Blink             |     4 |     1 ||     5
       Shroud of Golubri |     2 |       ||     2
  Use: Potion            |     1 |     3 ||     4
       Scroll            |     1 |     1 ||     2
  Eat: Chunk             |     3 |     1 ||     4
       Bread ration      |     1 |       ||     1
Armor: Robe              |   102 |     4 ||   106
Dodge: Dodged            |   169 |    21 ||   190
